 Dungeon Crawl Stone Soup version 0.27-a0-1154-gfdeffcb720 (webtiles) character file.

Game seed: 17599706103184319567

1708 Froggeryz the Grappler (level 9, -3/74 HPs)
             Began as a Ghoul Delver on May 14, 2021.
             Was an Initiate of Gozag.
             Slain by a vampire mosquito (10 damage)
             ... on level 6 of the Dungeon.
             The game lasted 00:10:01 (6657 turns).

Froggeryz the Grappler (Ghoul Delver)               Turns: 6657, Time: 00:10:01

Health: -3/74      AC:  7    Str: 18    XL:     9   Next: 3%
Magic:  8/8        EV: 11    Int:  6    God:    Gozag
Gold:   386        SH:  0    Dex: 10    Spells: 8/8 levels left

rFire    + . .     SeeInvis +     - Unarmed
rCold    + . .     Faith    .   (no shield)
rNeg     + + +     Spirit   .   u - +1 ring mail {rPois}
rPois    ∞         Reflect  .   z - +0 helmet {SInv}
rElec    .         Harm     .   (no cloak)
rCorr    .         Rampage  .   (no gloves)
Will     .....                  (no boots)
Stlth    ++........             (no amulet)
HPRegen  0.00/turn              q - ring of protection from fire
MPRegen  0.11/turn              (no ring)

@: brilliant, flying
A: claws 1, cold resistance 1, negative energy resistance 3, inhibited
regeneration, torment resistance 2
a: Renounce Religion, Potion Petition, Call Merchant, Bribe Branch


You were on level 6 of the Dungeon.
You worshipped Gozag.
Gozag was aware of your devotion.
You visited 2 branches of the dungeon, and saw 7 of its levels.

You collected 548 gold pieces.
You paid 162 gold pieces to Gozag.

Inventory:

Missiles
 a - 11 boomerangs
 h - 3 javelins (quivered)
 i - 41 poisoned darts
Armour
 u - a +1 ring mail of poison resistance (worn)
 z - a +0 helmet of see invisible (worn)
Jewellery
 q - a ring of protection from fire (left claw)
Wands
 f - a wand of digging (3)
 g - a wand of mindburst (4)
Scrolls
 b - a scroll of fog
 c - 2 scrolls of magic mapping
 j - a scroll of vulnerability {unknown}
 m - a scroll of enchant weapon {unknown}
 o - 4 scrolls of amnesia {unknown}
 p - 5 scrolls of identify {unknown}
 s - 3 scrolls of enchant armour {unknown}
 v - a scroll of teleportation {unknown}
 x - a scroll of blinking {unknown}
 y - a scroll of noise {unknown}
 C - a scroll of fear
 D - a scroll of immolation {unknown}
Potions
 d - a potion of mutation {unknown}
 e - a potion of haste
 l - 2 potions of heal wounds {unknown}
 t - a potion of lignification {unknown}
 w - a potion of curing
 A - a potion of degeneration {unknown}
 B - a potion of might {unknown}


   Skills:
 + Level 5.1 Fighting
 - Level 1.7 Dodging
 - Level 5.4 Stealth
 * Level 11.6 Unarmed Combat


You had 8 spell levels left.
You didn't know any spells.
Your spell library contained the following spells:

 Spells                   Type           Power      Damage    Failure   Level
 Shock                    Conj/Air       0%         1d3       65%         1
 Summon Small Mammal      Summ           0%         N/A       65%         1
 Call Imp                 Summ           0%         N/A       80%         2
 Static Discharge         Conj/Air       0%         N/A       80%         2
 Call Canine Familiar     Summ           0%         N/A       95%         3
 Summon Guardian Golem    Hex/Summ       0%         N/A       95%         3
 Swiftness                Air            0%         N/A       95%         3
 Airstrike                Air            0%         N/A       100%        4
 Summon Ice Beast         Ice/Summ       0%         N/A       100%        4
 Summon Lightning Spire   Summ/Air       0%         N/A       100%        4
 Lightning Bolt           Conj/Air       0%         1d11      100%        5


Dungeon Overview and Level Annotations

Branches:
Dungeon (6/15)             Temple (1/1) D:6

Altars:
Ashenzari
Cheibriados
Dithmenos
Elyvilon
Gozag
Hepliaklqana
Kikubaaqudgha
Makhleb
Nemelex Xobeh
Okawaru
Qazlal
Sif Muna
Trog
Uskayaw
Vehumet
Wu Jian
Xom
Zin
The Shining One

Shops:
D:6 [

Annotations:
D:6 Welwordion's ghost, novice SpWr


Innate Abilities, Weirdness & Mutations

You thrive by killing the living.
You are immune to poison.
You have sharp fingernails.
Your flesh is cold resistant. (rC+)
You are immune to negative energy. (rN+++)
You do not regenerate when monsters are visible.
You are immune to unholy pain and torment.


Message History

The vampire mosquito bites you.
The vampire mosquito bites you but does no damage.
A vampire mosquito is nearby!
You scratch the vampire mosquito.
The vampire mosquito is lightly damaged.
The vampire mosquito bites you but does no damage.
You miss the vampire mosquito.
The vampire mosquito is lightly damaged.
The vampire mosquito bites you but does no damage.
The vampire mosquito bites you.
* * * LOW HITPOINT WARNING * * *
You completely miss the vampire mosquito.
The vampire mosquito is lightly damaged.
The vampire mosquito bites you but does no damage.
The vampire mosquito misses you.
You miss the vampire mosquito.
The vampire mosquito is lightly damaged.
The vampire mosquito bites you but does no damage.
You closely miss the vampire mosquito.
The vampire mosquito is lightly damaged.
The vampire mosquito closely misses you.
The vampire mosquito bites you.
* * * LOW HITPOINT WARNING * * *
You claw the vampire mosquito!
The vampire mosquito is severely damaged.
The vampire mosquito barely misses you.
You scratch the vampire mosquito.
The vampire mosquito is almost destroyed.
The vampire mosquito bites you!
* * * LOW HITPOINT WARNING * * *
The vampire mosquito bites you.
* * * LOW HITPOINT WARNING * * *
You barely miss the vampire mosquito.
The vampire mosquito is almost destroyed.
The vampire mosquito bites you but does no damage.
You barely miss the vampire mosquito.
The vampire mosquito is almost destroyed.
The vampire mosquito barely misses you. The vampire mosquito bites you!
You die...
Your body crumbles into a pile of gold.

# #.#############...#.#..
#########.#########.......#.##+
#.............[................
#.#######.####..#########......
#†...# #.# #.##....W.©##.##..
###....####.# #)#8.#...#.8#.##..
...>......#.# ##[#...#.#.WZ#.####
.########.#.###.y#O.....OoZ#..##.
.# #.......@#h...©.$..#©.... '###
#........#$........#...#. ...#
#........#...#.#...#...#. ...#
#........#8.#...#.8#.)... ...#
#........##.......##...#. .###
#.........#########....#. ######
#........................ .....#
#......................#.
.....####......................##


You could see a vampire mosquito, an ogre, a howler monkey and Welwordion's
ghost.

Vanquished Creatures
  2 sky beasts (D:6)
  5 ogres
  A centaur (D:3)
  A phantom (D:6)
  3 scorpions
  Blork the orc (D:6)
  A water moccasin zombie (D:6)
  A hound (D:4)
  A gnoll shaman (D:5)
  2 orc priests
  A centaur skeleton (D:6)
  4 iguanas
  3 orc wizards
  A hound zombie (D:5)
  A mummy (D:4)
  A hound skeleton (D:4)
  Robin (D:4)
  7 gnolls
  4 adders
  A shadow imp (D:3)
  A white imp (D:5)
  An ufetubus (D:4)
  4 dart slugs
  18 orcs
  3 bats
  7 endoplasms
  3 giant cockroaches
  23 goblins
  10 hobgoblins
  15 jackals
  7 quokkas
  6 ball pythons
  3 frilled lizards
  8 kobolds
  5 rats
156 creatures vanquished.

Vanquished Creatures (others)
  2 plants (D:3)
  2 withered plants (D:4)
4 creatures vanquished.

Grand Total: 160 creatures vanquished

Notes
Turn   | Place    | Note
-------+----------+-------------------------------------------
     0 | D:5      | Froggeryz the Ghoul Delver began the quest for the Orb.
     0 | D:5      | Reached XP level 1. HP: 19/19 MP: 0/0
   144 | D:5      | Reached skill level 3 in Unarmed Combat
   144 | D:5      | Reached XP level 2. HP: 12/26 MP: 1/1
   616 | D:5      | Reached XP level 3. HP: 25/31 MP: 2/2
   963 | D:1      | Reached skill level 4 in Unarmed Combat
  1082 | D:1      | Found a faded altar of an unknown god.
  1437 | D:2      | Reached XP level 4. HP: 35/38 MP: 3/3
  1519 | D:2      | Reached skill level 5 in Unarmed Combat
  2598 | D:3      | Reached XP level 5. HP: 45/45 MP: 4/4
  2823 | D:3      | Reached skill level 6 in Unarmed Combat
  2924 | D:3      | Noticed a centaur
  2931 | D:3      | Killed a centaur
  2932 | D:3      | Reached XP level 6. HP: 51/51 MP: 5/5
  3103 | D:4      | Reached skill level 7 in Unarmed Combat
  3125 | D:4      | Found an ancient bone altar of Kikubaaqudgha.
  3397 | D:4      | Found a snail-covered altar of Cheibriados.
  3500 | D:4      | Reached skill level 8 in Unarmed Combat
  3500 | D:4      | Reached XP level 7. HP: 57/57 MP: 6/6
  3907 | D:4      | Noticed Robin
  3946 | D:4      | Killed Robin
  4483 | D:5      | Reached skill level 9 in Unarmed Combat
  4772 | D:5      | Found an opulent altar of Gozag.
  4777 | D:5      | Reached XP level 8. HP: 63/63 MP: 7/7
  4890 | D:5      | Reached skill level 10 in Unarmed Combat
  5073 | D:6      | Found a transporter.
  5087 | D:6      | Found a transporter.
  5087 | D:6      | Noticed Welwordion's ghost (novice SpWr)
  5267 | D:6      | Found Toix's Armour Shop.
  5634 | D:6      | Reached skill level 11 in Unarmed Combat
  5692 | D:6      | Found a staircase to the Ecumenical Temple.
  5702 | Temple   | Entered the Ecumenical Temple
  5975 | D:5      | Became a worshipper of Gozag Ym Sagoz the Greedy
  6203 | D:6      | Noticed Blork the orc
  6211 | D:6      | Killed Blork the orc
  6340 | D:6      | Reached skill level 5 in Fighting
  6340 | D:6      | Reached XP level 9. HP: 48/74 MP: 8/8
  6657 | D:6      | Slain by a vampire mosquito

Illustrated notes

Levels and vault maps discovered:
D:1:      roderic_chinese_lattice_arrival, layout_basic, basic_ecumenical_altar
D:2:      layout_basic, chequers_decorated_corner
D:3:      corexii_shack_village, layout_basic
D:4:      kennysheep_goblin_castle, layout_cave_pods, slow_altar_1,
          kiku_gazebo_garden_becter
D:5:      layout_basic, old_standard_altar
D:6:      layout_basic, minmay_temple_entry_large_hall, serial_shops, shop,
          gammafunk_ghost_arena, uniq_blork_the_orc
Temple:   eino_temple_scatter_basement

Skill      XL: |  1  2  3  4  5  6  7  8 |
---------------+-------------------------+-----
Unarmed Combat | 3 4 5 6 8 9 11 | 11.6
Fighting       | 5 |  5.1
Dodging        | |  1.7
Stealth        | |  5.4

Action                   |  1- 3 |  4- 6 |  7- 9 || total
-------------------------+-------+-------+-------++-------
Melee: Unarmed           |    86 |   206 |   190 ||   482
       Punch             |     4 |     5 |     4 ||    13
Throw: Dart              |     6 |       |       ||     6
       Boomerang         |       |     2 |     1 ||     3
Evoke: Wand              |       |     3 |    11 ||    14
  Use: Scroll            |       |       |     1 ||     1
       Potion            |       |       |     3 ||     3
 Stab: Sleeping          |     6 |     4 |     1 ||    11
Armor: Leather armour    |     2 |       |       ||     2
       Ring mail         |    23 |    73 |    73 ||   169
Dodge: Dodged            |    49 |   108 |   117 ||   274

Table legend: (Time is in decaauts)
 A = Elapsed time spent in this place.
 B = Non-inter-level travel time spent in this place.
 C = Inter-level travel time spent in this place.
 D = Time resting spent in this place.
 E = Time spent auto-exploring this place.
 F = Levels seen in this place.
 G = Mean time per level.
                   A        B        C        D        E       F      G
               +--------+--------+--------+--------+--------+-----+--------+
         Total |   6605 |   6259 |    346 |    944 |   4100 |   7 |  943.6 |
       Dungeon |   6385 |   6056 |    329 |    944 |   3905 |   6 | 1064.2 |
        Temple |    220 |    203 |     17 |      0 |    195 |   1 |  220.0 |
               +--------+--------+--------+--------+--------+-----+--------+

Top non-repeatable levels by time:
     D:4: 1657 daAuts
     D:6: 1307 daAuts
     D:5: 1083 daAuts
     D:3: 946 daAuts
     D:2: 876 daAuts
     D:1: 514 daAuts
  Temple: 220 daAuts
